 Dungeon Crawl Stone Soup version 0.29-a0-221-gceb61267dd (webtiles) character file.

Game seed: 15308975950828667431

86 GabrielManson the Sneak (level 4, -10/29 HPs)
             Began as a Kobold Delver on Feb 26, 2022.
             Was an Initiate of Dithmenos.
             Mangled by an ogre
             ... wielding a +0 giant club
              (11 damage)
             ... on level 4 of the Dungeon.
             The game lasted 00:04:03 (604 turns).

GabrielManson the Sneak (Kobold Delver)              Turns: 604, Time: 00:04:03

Health: -10/29     AC:  3    Str:  9    XL:     4   Next: 77%
Magic:  4/4        EV: 15    Int: 11    God:    Dithmenos [......]
Gold:   0          SH:  0    Dex: 18    Spells: 3/3 levels left

rFire   . . .      SeeInvis .   a - +0 short sword
rCold   . . .      Faith    .   (no shield)
rNeg    . . .      Spirit   .   b - +0 leather armour
rPois   .          Reflect  .   (no helmet)
rElec   .          Harm     .   (no cloak)
rCorr   .          Rampage  .   (no gloves)
Will    .....                   (no boots)
Stlth   +++++.....              (no amulet)
HPRegen 0.09/turn               (no ring)
MPRegen 0.09/turn               (no ring)

@: no status effects
A: small, no large weapons, nightstalker 3
a: Renounce Religion


You were on level 4 of the Dungeon.
You worshipped Dithmenos.
Dithmenos was noncommittal.
You visited 2 branches of the dungeon, and saw 3 of its levels.

Inventory:

Hand Weapons
 a - a +0 short sword (weapon)
Armour
 b - a +0 leather armour (worn)
Wands
 g - a wand of digging (3)
Scrolls
 d - 3 scrolls of magic mapping
Potions
 f - a potion of haste


   Skills:
 + Level 4.0 Fighting
 + Level 3.8 Short Blades
 * Level 3.4 Dodging
 - Level 7.2 Stealth


You had 3 spell levels left.
You didn't know any spells.
Your spell library was empty.

Dungeon Overview and Level Annotations

Branches:
Dungeon (5/15)             Temple (1/1) D:5

Altars:
Ashenzari
Dithmenos
Elyvilon
Fedhas
Gozag
Makhleb
Nemelex Xobeh


Innate Abilities, Weirdness & Mutations

You are small and have problems with some larger weapons.
You are completely attuned to the shadows.


Message History

You feel sick.
As you read the scroll of fog, it crumbles to dust.
The scroll dissolves into smoke.
You feel sick. The ogre barely misses you.
You barely miss the ogre.
You feel sick. The ogre closely misses you.
You barely miss the ogre.
You feel sick.
You hit the ogre.
The ogre is lightly wounded.
You feel sick.
You are no longer poisoned.
The ogre barely misses you.
You hit the ogre but do no damage.
The ogre is lightly wounded.
The ogre misses you.
You hit the ogre. You punch the ogre.
The ogre is moderately wounded.
The ogre barely misses you.
You hit the ogre.
The ogre is heavily wounded.
You hit the ogre but do no damage.
The ogre is heavily wounded.
The ogre completely misses you.
You puncture the ogre!
The ogre is severely wounded.
The ogre misses you.
You hit the ogre.
The ogre is severely wounded.
You hit the ogre.
The ogre is severely wounded.
The ogre hits you with a +0 giant club!!
Ouch! That really hurt!
* * * LOW HITPOINT WARNING * * *
You hit the ogre but do no damage.
The ogre is severely wounded.
The ogre closely misses you.
You hit the ogre.
The ogre is severely wounded.
You hit the ogre.
The ogre is almost dead.
The ogre hits you with a +0 giant club!
You die...

.....# .....#####
....
§..§§#...##.....
...§§#.(.........
...§@OS..........
.§§§§#...........
.§§§§######).....
..........#......
..........#......
......'......
......#......
......#......
.........#.....


You could see an ogre and an adder.

Vanquished Creatures
  An ogre (D:5)
  A hobgoblin (D:4)
  A kobold (D:4)
  A goblin (D:4)
4 creatures vanquished.

Vanquished Creatures (others)
  5 plants (D:5)
5 creatures vanquished.

Grand Total: 9 creatures vanquished

Notes
Turn   | Place    | Note
-------+----------+-------------------------------------------
     0 | D:5      | GabrielManson the Kobold Delver began the quest for the
                  | Orb.
     0 | D:5      | Reached XP level 1. HP: 14/14 MP: 1/1
    55 | D:5      | Noticed an ogre
    61 | D:5      | Killed an ogre
    62 | D:5      | Reached skill level 7 in Stealth
    62 | D:5      | Reached XP level 2. HP: 20/20 MP: 2/2
    62 | D:5      | Reached XP level 3. HP: 24/24 MP: 3/3
    62 | D:5      | Reached XP level 4. HP: 29/29 MP: 4/4
   231 | D:5      | Found a staircase to the Ecumenical Temple.
   239 | Temple   | Entered the Ecumenical Temple
   471 | Temple   | Became a worshipper of Dithmenos the Shadowed
   577 | D:4      | Noticed an ogre
   601 | D:4      | HP: 1/29 [ogre/+0 giant club (19)]
   604 | D:4      | Mangled by an ogre

Illustrated notes

Levels and vault maps discovered:
D:4:      layout_gridville
D:5:      layout_loops_ring, nicolae_ru_sacrificial_ziggurat,
          minmay_temple_entry_glassed_door, gup_sewer_entry_bowl,
          minmay_lizard_king
Temple:   regret_index_temple_generic_petals

Skill      XL: |  1 |
---------------+----+-----
Fighting       | 4 |  4.0
Short Blades   | 3 |  3.8
Dodging        | 3 |  3.4
Stealth        | 7 |  7.2

Action                   |  1- 3 |  4- 6 || total
-------------------------+-------+-------++-------
Melee: Short sword       |     3 |    27 ||    30
       Punch             |       |     1 ||     1
  Use: Scroll            |       |     2 ||     2
 Stab: Sleeping          |     1 |       ||     1
Armor: Leather armour    |       |     3 ||     3
Dodge: Dodged            |     1 |    24 ||    25

Table legend: (Time is in decaauts)
 A = Elapsed time spent in this place.
 B = Non-inter-level travel time spent in this place.
 C = Inter-level travel time spent in this place.
 D = Time resting spent in this place.
 E = Time spent auto-exploring this place.
 F = Levels seen in this place.
 G = Mean time per level.
                   A        B        C        D        E       F      G
               +--------+--------+--------+--------+--------+-----+--------+
         Total |    601 |    601 |      0 |      0 |    317 |   3 |  200.3 |
       Dungeon |    351 |    351 |      0 |      0 |    110 |   2 |  175.5 |
        Temple |    249 |    249 |      0 |      0 |    207 |   1 |  249.0 |
               +--------+--------+--------+--------+--------+-----+--------+

Top non-repeatable levels by time:
     D:5: 299 daAuts
  Temple: 249 daAuts
     D:4: 52 daAuts
